 Dungeon Crawl Stone Soup version 0.23.2-40-g277498a001 (webtiles) character file.

Game seed: 2991024051093356164

3241 Marnok the Carver (level 9, -6/79 HPs)
             Began as a Minotaur Fighter on Oct 4, 2019.
             Was an Elder of Okawaru.
             Mangled by a hornet (12 damage)
             ... on level 7 of the Dungeon.
             The game lasted 00:23:05 (6665 turns).

Marnok the Carver (Minotaur Fighter)                Turns: 6665, Time: 00:23:06

Health: -6/79      AC:  9    Str: 30    XL:     9   Next: 67%
Magic:  5/8        EV: 12    Int:  5    God:    Okawaru [****..]
Gold:   330        SH: 12    Dex:  9    Spells: 8/8 levels left

rFire    + . .     SeeInvis .   a - +1 long sword
rCold    . . .     Gourm    .   c - +0 shield
rNeg     . . .     Faith    +   s - +3 leather armour {rF+}
rPois    .         Spirit   .   (helmet restricted)
rElec    .         Reflect  .   i - +0 cloak
rCorr    .         Harm     .   E - +0 pair of gloves
MR       .....                  (no boots)
Stlth    ++........             A - amulet of faith
HPRegen  0.23/turn              p - ring of stealth
MPRegen  0.11/turn              l - ring of wizardry

@: mighty
A: retaliatory headbutt, horns 2
a: Heroism, Renounce Religion


You were on level 7 of the Dungeon.
You worshipped Okawaru.
Okawaru was greatly pleased with you.
You were not hungry.

You visited 2 branches of the dungeon, and saw 9 of its levels.

You collected 330 gold pieces.

Inventory:

Hand Weapons
 a - a +1 long sword (weapon)
 r - a +0 flail of holy wrath
 x - a +0 hand axe of flaming
Missiles
 d - 3 javelins (quivered)
 g - 2 curare-tipped needles
 w - 6 tomahawks
Armour
 c - a +0 shield (worn)
 i - a +0 cloak (worn)
 s - a +3 leather armour of fire resistance (worn)
 E - a +0 pair of gloves (worn)
Jewellery
 l - a ring of wizardry (right hand)
 p - a ring of stealth (left hand)
 q - an uncursed ring of teleportation
 A - an amulet of faith (around neck)
Wands
 z - a wand of acid (7)
 G - a wand of disintegration (11)
Scrolls
 b - 3 scrolls of magic mapping
 t - a scroll of noise
 y - 2 scrolls of amnesia
 K - 2 scrolls of remove curse
Potions
 e - a potion of might
 o - a potion of haste
 B - a potion of brilliance
 D - a potion of invisibility
 L - 2 potions of agility
Comestibles
 f - 15 rations


   Skills:
 + Level 7.5 Fighting
 + Level 10.4 Long Blades
 + Level 1.1 Throwing
 + Level 7.0 Armour
 + Level 4.1 Dodging
 + Level 0.6 Stealth
 + Level 8.2 Shields
 + Level 0.3 Invocations


You had 8 spell levels left.
You didn't know any spells.
Your spell library was empty.

Dungeon Overview and Level Annotations

Branches:
Dungeon (8/15)             Temple (1/1) D:7
   Lair: D:8-11

Altars:
Dithmenos
Fedhas
Gozag
Kikubaaqudgha
Okawaru
Qazlal
Uskayaw


Innate Abilities, Weirdness & Mutations

You reflexively headbutt those who attack you in melee.
You have a pair of horns on your head.


Message History

You feel sick.
You feel sick.
Your extra speed is starting to run out.
You feel sick.
You feel yourself slow down.
You feel sick.
You are no longer poisoned.
You block the hornet's attack.
The hornet stings you but does no damage.
The hornet misses you. You furiously retaliate!
You headbutt the hornet! You block the hornet's attack. The hornet stings you.
* * * LOW HITPOINT WARNING * * *
You feel yourself slow down. The hornet misses you.
You block the hornet's attack.
You feel yourself speed up. You block the hornet's attack.
The hornet stings you!
You die...

.# #..## #..# ###....#### .##
##..# ##.####......##..
..###...### #...............
..........########...............
...............................##
###.................#.........##
# ###...............#####....## #
##...........y..# ###..# #
#..........@...## #..# #
##...#...........######..# #
#...####....###..........# #
##..## #.....###.........## #
##..## #).....#...........###
###..## #..........#####......
##...# #.........## #.....[
....### ##.........## #......
......### #...........### #......


You could see a hornet.

Vanquished Creatures
  A two-headed ogre (D:6)
  Edmund (D:5)
  3 sky beasts
  An orc warrior (D:6)
  4 phantoms
  3 centaurs
  2 ogres
  A gnoll sergeant (D:7)
  A bullfrog (D:7)
  3 scorpions (D:4)
  6 killer bees (D:7)
  2 vampire bats (D:3)
  A howler monkey (D:5)
  3 crimson imps
  2 orc priests
  A jelly (D:7)
  A hound (D:5)
  An orc wizard (D:4)
  3 iguanas
  3 worker ants
  Terence (D:2)
  2 hound zombies
  3 hound skeletons
  3 gnolls (D:7)
  4 adders
  2 shadow imps
  An ooze (D:1)
  An adder skeleton (D:5)
  2 worms
  4 dart slugs
  2 leopard geckos
  20 orcs
  2 bat skeletons (D:3)
  3 bat zombies (D:3)
  3 giant cockroaches
  12 goblins
  7 hobgoblins
  12 jackals
  A quokka (D:7)
  A ball python (D:4)
  13 bats
  5 frilled lizards
  11 kobolds
  A quokka skeleton (D:5)
  14 rats
173 creatures vanquished.

Notes
Turn   | Place    | Note
-------+----------+-------------------------------------------
     0 | D:1      | Marnok the Minotaur Fighter began the quest for the Orb.
     0 | D:1      | Reached XP level 1. HP: 19/19 MP: 0/0
   290 | D:1      | Reached XP level 2. HP: 26/27 MP: 1/1
   465 | D:1      | Reached XP level 3. HP: 28/33 MP: 2/2
   740 | D:2      | Reached skill level 3 in Long Blades
   794 | D:2      | Found a shadowy altar of Dithmenos.
   923 | D:2      | Noticed Terence
   930 | D:2      | Killed Terence
   930 | D:2      | Reached XP level 4. HP: 34/40 MP: 3/3
  1334 | D:3      | Reached skill level 4 in Long Blades
  1372 | D:3      | Reached skill level 1 in Dodging
  1390 | D:3      | Reached XP level 5. HP: 26/47 MP: 4/4
  1811 | D:3      | Found an ancient bone altar of Kikubaaqudgha.
  1876 | D:3      | Found an iron altar of Okawaru.
  1930 | D:3      | Reached XP level 6. HP: 50/53 MP: 5/5
  1989 | D:3      | Found a faded altar of an unknown god.
  2101 | D:3      | Became a worshipper of Warmaster Okawaru
  2148 | D:3      | Reached skill level 5 in Shields
  2495 | D:4      | Reached skill level 5 in Long Blades
  2628 | D:4      | Reached skill level 5 in Armour
  2679 | D:4      | Reached XP level 7. HP: 52/60 MP: 6/6
  2743 | D:4      | Found an opulent altar of Gozag.
  2776 | D:5      | Entered Level 5 of the Dungeon
  2834 | D:4      | Reached skill level 5 in Fighting
  2839 | D:4      | Reached * piety under Okawaru
  2839 | D:4      | Reached skill level 6 in Long Blades
  2970 | D:5      | Noticed Edmund
  3430 | D:5      | Killed Edmund
  3633 | D:5      | Reached skill level 7 in Long Blades
  3633 | D:5      | Reached XP level 8. HP: 58/68 MP: 7/7
  3841 | D:5      | Reached ** piety under Okawaru
  3966 | D:5      | Reached skill level 8 in Long Blades
  4336 | D:6      | Found a blossoming altar of Fedhas.
  4674 | D:6      | Found a stormy altar of Qazlal.
  4678 | D:6      | Found a hide-covered altar of Uskayaw.
  4687 | D:6      | Noticed a two-headed ogre
  4699 | D:6      | Killed a two-headed ogre
  4699 | D:6      | Reached *** piety under Okawaru
  4699 | D:6      | Reached skill level 9 in Long Blades
  4699 | D:6      | Reached skill level 1 in Throwing
  4699 | D:6      | Reached XP level 9. HP: 29/78 MP: 5/8
  5042 | D:6      | Reached skill level 10 in Long Blades
  5427 | D:7      | Found a staircase to the Ecumenical Temple.
  5454 | Temple   | Entered the Ecumenical Temple
  5840 | D:7      | Reached **** piety under Okawaru
  6665 | D:7      | Mangled by a hornet

Skill      XL: |  1  2  3  4  5  6  7  8  9 |
---------------+----------------------------+-----
Armour         | 4 5 6 7 |  7.0
Shields        | 4 5 6 7 8 |  8.2
Fighting       | 4 5 6 7 |  7.5
Long Blades    | 3 4 5 7 9 10 | 10.4
Dodging        | 1 2 3 4 |  4.1
Throwing       | 1 |  1.1
Stealth        | |  0.6
Invocations    | |  0.3

Action                   |  1- 3 |  4- 6 |  7- 9 || total
-------------------------+-------+-------+-------++-------
Melee: Long sword        |   108 |   173 |   225 ||   506
       Headbutt          |    18 |    33 |    56 ||   107
Throw: Javelin           |       |       |     3 ||     3
Invok: Heroism           |       |       |     3 ||     3
  Use: Potion            |       |     6 |     4 ||    10
       Scroll            |       |       |    14 ||    14
 Stab: Distracted        |       |       |     1 ||     1
  Eat: Chunk             |       |     6 |    10 ||    16
       Ration            |       |       |     1 ||     1
Armor: Scale mail        |    61 |    80 |     9 ||   150
       Leather armour    |       |       |    42 ||    42
Dodge: Dodged            |    39 |    68 |   101 ||   208
Block: Shield            |    52 |   108 |   130 ||   290
       Rpst.: Long sword |    11 |    20 |    35 ||    66
